 Dungeon Crawl Stone Soup version 0.30-a0-918-g0ff054e9dc (webtiles) character file.

Game seed: 1048525992794369633

331 voltaire321 the Insei (level 6, 0/41 HPs)
             Began as an Octopode Transmuter on Mar 20, 2023.
             Slain by an orc
             ... wielding a +0 dagger
              (5 damage)
             ... on level 4 of the Dungeon.
             The game lasted 00:05:56 (2346 turns).

voltaire321 the Insei (Octopode Transmuter)         Turns: 2346, Time: 00:05:57

Health: 0/41       AC:  1    Str:  9    XL:     6   Next: 51%
Magic:  10/10      EV: 14    Int: 16    God:
Gold:   84         SH:  0    Dex: 14    Spells: 7/11 levels left

rFire   . . .      SeeInvis .    b - +0 dagger
rCold   . . .      Faith    .    (no shield)
rNeg    . . .      Spirit   .    (helmet currently unavailable)
rPois   .          Reflect  .    (no amulet)
rElec   .          Rampage  .    (no ring)
rCorr   .                        (no ring)
Will    .....                    (no ring)
Stlth   ++                       (no ring)
HPRegen 0.26/turn                (no ring)
MPRegen 0.12/turn                (no ring)
                                 (no ring)
                                 (no ring)

@: appendages (expiring)
A: tentacle spike 3, almost no armour, amphibious, 8 rings, camouflage 1,
gelatinous body 1, (nimble swimmer 1), tentacles
a: End Transformation


You were on level 4 of the Dungeon.
One of your tentacles had grown a beastly spike.
You visited 1 branch of the dungeon, and saw 4 of its levels.

You collected 84 gold pieces.

Inventory:

Hand Weapons
 b - a +0 dagger (weapon)
Missiles
 j - 2 poisoned darts
Jewellery
 k - an amulet of guardian spirit
 q - a ring of flight
Scrolls
 d - 2 scrolls of blinking {unknown}
 f - 2 scrolls of identify {unknown}
 g - 2 scrolls of amnesia {unknown}
 h - a scroll of enchant armour {unknown}
 i - a scroll of immolation {unknown}
 l - a scroll of enchant weapon {unknown}
Potions
 a - a potion of lignification
 c - a potion of attraction {unknown}
 e - 2 potions of mutation {unknown}
 m - 2 potions of curing {unknown}
 n - a potion of might {unknown}
 o - a potion of haste {unknown}
 p - a potion of magic {unknown}


   Skills:
 + Level 2.5 Fighting
 + Level 3.2 Dodging
 + Level 3.9 Unarmed Combat
 + Level 3.0 Spellcasting
 + Level 3.2 Transmutations
 * Level 3.0 Poison Magic


You had 7 spell levels left.
You knew the following spells:

 Your Spells              Type           Power      Damage    Failure   Level
a - Beastly Appendage     Tmut           24%        N/A       4%          1
b - Spider Form           Tmut/Pois      12%        N/A       16%         3

Your spell library contained the following spells:

 Spells                   Type           Power      Damage    Failure   Level
 Wereblood                Tmut           12%        N/A       8%          2
 Ice Form                 Ice/Tmut       7%         N/A       67%         4


Dungeon Overview and Level Annotations

Branches:
Dungeon (4/15)
 Temple: D:4-7

Altars:
Nemelex Xobeh

Annotations:
D:2 Sigmund


Innate Abilities, Weirdness & Mutations

One of your tentacles has grown a beastly spike.
You cannot wear most types of armour.
You are amphibious.
You can wear up to eight rings at the same time.
Your skin changes colour to match your surroundings (Stealth+).
Your rubbery body absorbs attacks. (AC +1, EV +1)
((You are camouflaged when in or above water. (Stealth+)))
You have tentacles for arms and can constrict up to eight enemies at once.


Message History

Casting: Beastly Appendage (safe; 4% risk of failure)
Confirm with . or Enter, or press ? or * to list all spells.
One of your tentacles grows a vicious spike.
An orc comes into view. It is wielding a +0 dagger.
The orc wizard hits you with a +0 dagger.
An orc priest comes into view. It is wielding a +0 short sword.
You barely miss the orc wizard.
The orc shouts!
The orc priest shouts!
Your grab misses the orc wizard.
Your tentacle spike misses the orc wizard.
You hear a shout!
The orc wizard hits you with a +0 dagger.
A hobgoblin comes into view.
You hit the orc wizard but do no damage.
Your grab misses the orc wizard.
You pierce the orc wizard.
You squeeze the orc wizard, but do no damage.
The orc wizard is lightly wounded.
Your transformation is almost over.
The orc priest calls down the wrath of Beogh upon you.
Beogh smites you! The orc hits you with a +0 dagger.
The orc wizard hits you with a +0 dagger.
You hit the orc but do no damage. You grab the orc.
You pierce the orc, but do no damage.
You constrict the orc.
The orc wizard gestures at you while chanting.
The puff of flame hits you!
* * * LOW HITPOINT WARNING * * *
The orc hits you with a +0 dagger.
* * * LOW HITPOINT WARNING * * *
You closely miss the orc wizard. Your grab misses the orc wizard.
Your squeeze misses the orc wizard.
The orc wizard is lightly wounded.
You constrict the orc.
The orc wizard hits you with a +0 dagger.
* * * LOW HITPOINT WARNING * * *
The orc misses you. The hobgoblin barely misses you.
You hit the orc wizard. Your grab misses the orc wizard.
You squeeze the orc wizard.
The orc wizard is heavily wounded.
You constrict the orc. The orc hits you with a +0 dagger.
You die...

.8#.. ..#. ##
... ##. ..#
#..## ..##
...## ##...
.o.## #..#
#oo.# #<# #@#
..# #g# ..#
###.###..# ..#
#####.......#
.##
#.....#.#####
.###
##.#######
...######..###
.#...........#
.#.....#####.#


You could see an orc priest, an orc wizard, an orc and a hobgoblin.

Vanquished Creatures
  Grinder (D:3)
  Robin (D:2)
  2 adders
  3 worms (D:3)
  4 dart slugs
  3 bats
  8 endoplasms
  5 giant cockroaches
  16 goblins
  9 hobgoblins
  4 jackals (D:1)
  3 quokkas
  3 ball pythons
  3 frilled lizards
  9 kobolds
  3 rats (D:1)
77 creatures vanquished.

Notes
Turn   | Place    | Note
-------+----------+-------------------------------------------
     0 | D:1      | voltaire321 the Octopode Transmuter began the quest for the
                  | Orb.
     0 | D:1      | Reached XP level 1. HP: 13/13 MP: 3/3
    75 | D:1      | Reached XP level 2. HP: 17/18 MP: 5/5
   334 | D:1      | Reached XP level 3. HP: 23/23 MP: 6/6
   342 | D:1      | Found a faded altar of an unknown god.
   584 | D:1      | Learned a level 3 spell: Spider Form
   917 | D:2      | Reached XP level 4. HP: 28/29 MP: 5/7
   921 | D:2      | Noticed Robin
   938 | D:2      | Killed Robin
   997 | D:2      | Reached skill level 1 in Poison Magic
  1353 | D:2      | Noticed Sigmund
  1478 | D:3      | Noticed Grinder
  1493 | D:3      | Reached XP level 5. HP: 19/34 MP: 8/8
  1498 | D:3      | Killed Grinder
  1499 | D:3      | Reached XP level 6. HP: 14/41 MP: 8/10
  2280 | D:4      | Found a sparkling altar of Nemelex Xobeh.
  2346 | D:4      | Slain by an orc

Illustrated notes

Levels and vault maps discovered:
D:1:      lordsloth_arrival_two_stooges, layout_rooms,
          chequers_ecumenical_altar_island
D:2:      layout_rooms, nicolae_eternal_life, uniq_sigmund, uniq_robin
D:3:      layout_basic, uniq_grinder
D:4:      layout_rooms, nemelex_spade_bored_becter, enter_ossuary_5,
          chequers_decorated_corner, minmay_misc_feat_nine_boxes

Skill      XL: |  1  2  3  4  5  6 |
---------------+-------------------+-----
Poison Magic   | 1 2 3 |  3.0
Fighting       | 2 |  2.5
Dodging        | 3 |  3.2
Spellcasting   | 3 |  3.0
Transmutations | 3 |  3.2
Unarmed Combat | |  3.9

Action                     |  1- 3 |  4- 6 || total
---------------------------+-------+-------++-------
  Melee: Unarmed           |     7 |       ||     7
         Dagger            |    95 |    89 ||   184
         Constrict         |    30 |    23 ||    53
         Tentacles         |    18 |    25 ||    43
         Kick              |     6 |    27 ||    33
         Punch             |     4 |     1 ||     5
   Cast: Beastly Appendage |     3 |     9 ||    12
   Stab: Sleeping          |     2 |     5 ||     7
 Armour: Skin              |     2 |     3 ||     5
  Dodge: Dodged            |    53 |    54 ||   107

Table legend: (Time is in decaauts)
 A = Elapsed time spent in this place.
 B = Non-inter-level travel time spent in this place.
 C = Inter-level travel time spent in this place.
 D = Time resting spent in this place.
 E = Time spent auto-exploring this place.
 F = Levels seen in this place.
 G = Mean time per level.
                   A        B        C        D        E       F      G
               +--------+--------+--------+--------+--------+-----+--------+
         Total |   2345 |   2297 |     48 |    508 |   1133 |   4 |  586.2 |
       Dungeon |   2345 |   2297 |     48 |    508 |   1133 |   4 |  586.2 |
               +--------+--------+--------+--------+--------+-----+--------+

Top non-repeatable levels by time:
     D:1: 850 daAuts
     D:3: 798 daAuts
     D:2: 602 daAuts
     D:4: 93 daAuts
